 Dungeon Crawl Stone Soup version 0.30-a0-1053-gbd8d5ba0ad (webtiles) character file.

Game seed: 5381754780350011636

96 gelatine the Ducker (level 4, 0/33 HPs)
             Began as a Djinni Gladiator on Apr 12, 2023.
             Was an Initiate of Ashenzari.
             Slain by Grinder (4 damage)
             ... while paralysed by Grinder
             ... on level 3 of the Dungeon.
             The game lasted 00:05:50 (1635 turns).

gelatine the Ducker (Djinni Gladiator)              Turns: 1635, Time: 00:05:51

Health: 0/33       AC:  5    Str: 13    XL:     4   Next: 98%
Gold:   154        EV:  2    Int: 12    God:    Ashenzari [......] SH:  0 Dex: 14

rFire   + + .      SeeInvis .    a - +0 war axe
rCold   x . .      Faith    .    (no shield)
rNeg    . . .      Spirit   .    b - +0 leather armour
rPois   ∞          Reflect  +    c - +0 helmet
rElec   .          Rampage  .    o - +0 cloak
rCorr   .                        (no gloves)
Will    .....                    (boots unavailable)
Stlth   +                        r - amulet of reflection
HPRegen 0.25/turn                (no ring)
MPRegen 0.00/turn                (no ring)

@: paralysed, flying
A: sickness immunity, fire resistance 2, cold vulnerability 1, float, innate
caster, HP casting, extra vitality 1
a: Renounce Religion


You were on level 3 of the Dungeon.
You worshipped Ashenzari.
Ashenzari was noncommittal.
You visited 1 branch of the dungeon, and saw 3 of its levels.

You collected 154 gold pieces.

Inventory:

Hand Weapons
 a - a +0 war axe (weapon)
 k - a +1 dagger of venom
Missiles
 d - 3 throwing nets
 e - a javelin
 f - a boomerang
Armour
 b - a +0 leather armour (worn)
 c - a +0 helmet (worn)
 g - a +0 robe
 o - a +0 cloak (worn)
Jewellery
 r - an amulet of reflection (around neck)
Scrolls
 j - 3 scrolls of teleportation {unknown}
 l - 3 scrolls of identify {unknown}
 n - a scroll of torment {unknown}
 p - a scroll of enchant armour {unknown}
 q - a scroll of amnesia {unknown}
Potions
 h - a potion of flight {unknown}
 i - 2 potions of heal wounds {unknown}
 m - 3 potions of curing {unknown}
 s - a potion of cancellation {unknown}


   Skills:
 * Level 2.3 Fighting
 * Level 2.9 Axes
 - Level 1.8 Throwing
 * Level 0.5 Armour
 * Level 3.9 Dodging
 * Level 1.7 Spellcasting


You knew the following spells:

 Your Spells              Type           Power      Damage    Failure   Level
a - Sandblast             Erth           10%        2d5       19%         1
Your spell library was empty.

Dungeon Overview and Level Annotations

Branches:
Dungeon (3/15)

Altars:
Ashenzari

Annotations:
D:3 Grinder


Innate Abilities, Weirdness & Mutations

You are immune to sickness and miasma.
You are immune to poison.
Your flesh is very heat resistant. (rF++)
You are vulnerable to cold. (rC-)
You float through the air rather than walking.
You learn spells naturally, not from books.
Your magical power is your life essence.
You have superior vitality. (+4 MHP)


Message History

Done exploring.
Done exploring.
There is a stone staircase leading down here.
You fly downwards.
Grinder shouts!
The orc shouts!
You hear a shout!
Found a scroll labelled ILYPEU GUTUURE and 8 gold pieces.
Found an escape hatch in the floor.
There is a stone staircase leading up here.
You miscast Sandblast.
You are very lightly contaminated with residual magic.
Nothing appears to happen.
The goblin closely misses you.
The blast of sand hits the goblin.
You kill the goblin!
Grinder blinks!
The blast of sand hits the orc but does no damage.
Grinder gestures at you. Pain shoots through your body!
The orc hits you with a +3 hand axe of flaming.
You block the orc's attack.
The blast of sand hits the orc but does no damage.
You block the orc's attack.
You hit the orc. Your punch misses the orc.
The orc is moderately wounded.
The orc completely misses you.
Your magical contamination has completely faded away.
You hit the orc but do no damage.
The orc is moderately wounded.
You slash Grinder!
Grinder says, "FISH!"
You block Grinder's attack. The orc closely misses you.
Grinder gestures at you.
You suddenly lose the ability to move!
The orc hits you with a +3 hand axe of flaming.
Grinder hits you.
You writhe in agony.
* * * LOW HITPOINT WARNING * * *
The orc hits you but does no damage. Grinder hits you.
* * * LOW HITPOINT WARNING * * *
You writhe in agony.
You die...

# #.
#.#########
.........#
#.......#
#..o)..$##
#@5....#
#......#
.>...#...
##.#.... #
#.####.#
... .. ###
#


You could see Grinder and an orc.

Vanquished Creatures
  4 adders (D:2)
  3 worms (D:2)
  2 dart slugs (D:2)
  4 ball pythons
  2 endoplasms
  3 giant cockroaches
  5 goblins
  3 hobgoblins (D:1)
  6 jackals (D:1)
  A quokka (D:1)
  6 bats
  2 frilled lizards
  3 kobolds
  3 rats
47 creatures vanquished.

Vanquished Creatures (others)
  A hobgoblin (D:1)
1 creature vanquished.

Grand Total: 48 creatures vanquished

Notes
Turn   | Place    | Note
-------+----------+-------------------------------------------
     0 | D:1      | gelatine the Djinni Gladiator began the quest for the Orb.
     0 | D:1      | Reached XP level 1. HP: 18/18 MP: 0/0
   112 | D:1      | Reached XP level 2. HP: 23/23 MP: 0/0
   276 | D:1      | Reached XP level 3. HP: 28/28 MP: 0/0
   276 | D:1      | Learned a level 1 spell: Sandblast
   820 | D:2      | Reached XP level 4. HP: 17/33 MP: 0/0
   910 | D:2      | Reached skill level 1 in Spellcasting
  1494 | D:2      | Found a broken altar of Ashenzari.
  1512 | D:2      | Became a worshipper of Ashenzari the Shackled
  1627 | D:3      | Noticed Grinder
  1633 | D:3      | Paralysed by Grinder for 4 turns
  1635 | D:3      | Slain by Grinder

Illustrated notes

Levels and vault maps discovered:
D:1:      shiori_arrival_oz, layout_basic, chequers_serial_rivers_micro_a,
          minmay_misc_feat_columns, minmay_tetromino_t4
D:2:      layout_loops_ring, basic_altar, st_stairs_12, minmay_misc_feat_tiny,
          amcnicky_mini_pool_small, nicolae_elevator_lobby_asterisk
D:3:      layout_basic, grunt_temple_overflow_open, gammafunk_ghost_icy,
          uniq_grinder

Skill      XL: |  1  2  3  4 |
---------------+-------------+-----
Spellcasting   | 1 |  1.7
Fighting       | |  2.3
Axes           | |  2.9
Throwing       | |  1.8
Armour         | |  0.5
Dodging        | |  3.9

Action                     |  1- 3 |  4- 6 || total
---------------------------+-------+-------++-------
  Melee: War axe           |    53 |     3 ||    56
  Throw: Boomerang         |    19 |       ||    19
   Cast: Sandblast         |    40 |    40 ||    80
 Armour: Leather armour    |    32 |     7 ||    39
  Dodge: Dodged            |    94 |    16 ||   110
  Block: Other             |       |     3 ||     3

Table legend: (Time is in decaauts)
 A = Elapsed time spent in this place.
 B = Non-inter-level travel time spent in this place.
 C = Inter-level travel time spent in this place.
 D = Time resting spent in this place.
 E = Time spent auto-exploring this place.
 F = Levels seen in this place.
 G = Mean time per level.
                   A        B        C        D        E       F      G
               +--------+--------+--------+--------+--------+-----+--------+
         Total |   1699 |   1697 |      2 |      0 |   1281 |   3 |  566.3 |
       Dungeon |   1699 |   1697 |      2 |      0 |   1281 |   3 |  566.3 |
               +--------+--------+--------+--------+--------+-----+--------+

Top non-repeatable levels by time:
     D:2: 926 daAuts
     D:1: 762 daAuts
     D:3: 9 daAuts
